 Dungeon Crawl Stone Soup version 0.27.0-1-g7a089689b8 (webtiles) character file.

Game seed: 6828606440393101010

5669 sasquatch the Destroyer (level 10, -9/69 HPs)
             Began as a Yellow Draconian Conjurer on Aug 8, 2021.
             Was a Believer of Sif Muna.
             Mangled by a death yak (24 damage)
             ... on level 7 of the Dungeon.
             The game lasted 00:28:52 (10539 turns).

sasquatch the Destroyer (DrCj)                     Turns: 10539, Time: 00:28:55

Health: -9/69      AC:  9    Str: 10    XL:     10   Next: 47%
Magic:  0/17       EV: 12    Int: 21    God:    Sif Muna [**....]
Gold:   351        SH:  0    Dex: 10    Spells: 2/19 levels left

rFire    . . .     SeeInvis .   a - staff of conjuration
rCold    . . .     Faith    .   (no shield)
rNeg     . . .     Spirit   .   (armour unavailable)
rPois    +         Reflect  .   (helmet restricted)
rElec    .         Harm     .   F - +1 cloak {Will+}
rCorr    +         Rampage  .   (no gloves)
Will     +....                  (no boots)
Stlth    ++........             (no amulet)
HPRegen  0.21/turn              k - ring of poison resistance
MPRegen  0.15/turn              (no ring)

@: no status effects
A: spit acid, AC +7, unfitting armour, cold-blooded, acid resistance
a: Breathe Acid, Renounce Religion, Channel Magic


You were on level 7 of the Dungeon.
You worshipped Sif Muna.
Sif Muna was pleased with you.
You visited 1 branch of the dungeon, and saw 8 of its levels.

You collected 598 gold pieces.
You spent 247 gold pieces at shops.

Inventory:

Hand Weapons
 d - a +0 dagger of protection
 l - a +0 trident of venom
 B - a +2 hand axe of electrocution
Missiles
 C - 2 throwing nets
Armour
 h - a +1 buckler of protection
 F - a +1 cloak of willpower (worn)
Magical Staves
 a - a staff of conjuration (weapon)
 y - a staff of earth
Jewellery
 k - a ring of poison resistance (left hand)
 v - an amulet of regeneration
Wands
 s - a wand of acid (11)
Scrolls
 b - 2 scrolls of enchant armour {unknown}
 e - 7 scrolls of teleportation {unknown}
 g - 2 scrolls of summoning {unknown}
 p - 2 scrolls of amnesia {unknown}
 q - 8 scrolls of identify {unknown}
 r - 3 scrolls of fear {unknown}
 t - 2 scrolls of holy word {unknown}
 u - a scroll of brand weapon {unknown}
 w - a scroll of blinking {unknown}
 x - 3 scrolls of enchant weapon {unknown}
Potions
 c - 3 potions of ambrosia {unknown}
 f - a potion of mutation {unknown}
 i - 3 potions of degeneration {unknown}
 j - 2 potions of curing
 m - a potion of cancellation {unknown}
 n - 2 potions of lignification {unknown}
 o - 3 potions of flight {unknown}
 z - a potion of berserk rage {unknown}
 A - a potion of experience {unknown}
 D - a potion of heal wounds
 E - a potion of might {unknown}


   Skills:
 - Level 1.7 Dodging
 - Level 1.7 Stealth
 - Level 5.0 Spellcasting
 * Level 13.4 Conjurations
 + Level 3.5 Hexes
 - Level 5.0 Air Magic


You had 2 spell levels left.
You knew the following spells:

 Your Spells              Type           Power      Damage    Failure   Level
a - Magic Dart            Conj           100%       1d8       1%          1
b - Searing Ray           Conj           100%       3d7       1%          2
c - Dazzling Flash        Conj/Hex       100%       N/A       1%          3
d - Iskenderun's Mystic   Conj/Tloc      50%        2d11      7%          4
e - Swiftness             Air            26%        N/A       4%          3
f - Fulminant Prism       Conj/Hex       28%        3d14      3%          4

Your spell library contained the following spells:

 Spells                   Type           Power      Damage    Failure   Level
 Shock                    Conj/Air       100%       1d9       1%          1
 Blink                    Tloc           N/A        N/A       16%         2
 Airstrike                Air            13%        N/A       14%         4
 Conjure Ball Lightning   Conj/Air       30%        3x3d10    36%         6
 Manifold Assault         Tloc           5%         N/A       96%         5
 Malign Gateway           Summ/Tloc      2%         N/A       100%        7
 Storm Form               Tmut/Air       7%         N/A       100%        7
 Discord                  Hex            10%        N/A       100%        8
 Disjunction              Tloc           2%         N/A       100%        8
 Summon Horrible Things   Summ           2%         N/A       100%        8


Dungeon Overview and Level Annotations

Branches:
Dungeon (8/15)             Temple (0/1) D:7            Lair (0/6) D:8

Altars:
Sif Muna

Shops:
D:7 *


Innate Abilities, Weirdness & Mutations

You can spit globs of acid.
Your golden yellow scales are hard. (AC +7)
You cannot fit into any form of body armour.
You are cold-blooded and may be slowed by cold attacks.
You are resistant to acid. (rCorr)


Message History

There is a stone staircase leading down here.
The death yak gores you!!
* * * LOW HITPOINT WARNING * * *
Casting: Searing Ray (safe; 1% risk of failure)
Confirm with . or Enter, or press ? or * to list all spells.
You feel a surge of power!
You erupt in a blast of force!
The mystic blast hits the death yak.
The death yak is severely wounded.
The death yak is knocked back by the mystic blast.
Casting: Iskenderun's Mystic Blast (dangerous; 7% risk of failure)
Confirm with . or Enter, or press ? or * to list all spells.
You don't have enough magic to cast this spell.
Unknown command.
The death yak snorts and paws the ground.
Casting: Iskenderun's Mystic Blast (dangerous; 7% risk of failure)
Confirm with . or Enter, or press ? or * to list all spells.
Okay, then.
Unknown command.
Casting: Iskenderun's Mystic Blast (dangerous; 7% risk of failure)
Confirm with . or Enter, or press ? or * to list all spells.
Aiming: Fulminant Prism (dangerous; 3% risk of failure)
Press: ? - help, Dir - move target You feel a surge of power!
You conjure a prism of explosive energy!
A fulminant prism comes into view.
Your fulminant prism crackles loudly.
Your fulminant prism explodes!
The blast of energy engulfs the death yak!!
The death yak is almost dead.
Casting: Fulminant Prism (dangerous; 3% risk of failure)
Confirm with . or Enter, or press ? or * to list all spells.
Okay, then.
Unknown command.
Casting: Fulminant Prism (dangerous; 3% risk of failure)
Confirm with . or Enter, or press ? or * to list all spells.
You feel a surge of power!
You erupt in a blast of force!
The mystic blast hits the death yak but does no damage.
The death yak is moderately wounded.
The death yak gores you!!
You die...

#.##...###.............##..).
#####∩###.## #..####>#####.##.###
....#.# #.# #..# #.#####.##.#
###.#.###.####..# #..........#
##...........[..# #######.####
..........##....##########.####
##...##.###.#...(.>...........#
#...........##......#####.....###
..#.#.#.#.#.#.YY@................
.............#.####.#####.....###
..#.......#..#.# #.# #.....# #
.............#.# #.# ####### #
..#...>...#..#.# #.# #
#............#.## #.# #
#.#.......#..#..###.# ####
#............#.#.##.###### #...
..#.#.#.#.#...###.#......# #.##


You could see 2 death yaks.

Vanquished Creatures
  2 death yaks (D:7)
  A troll (D:6)
  A hornet (D:7)
  2 yaks (D:8)
  A wyvern (D:6)
  2 water moccasins (D:7)
  A sky beast (D:5)
  3 ice beasts
  2 black bears
  4 ogres
  2 orc warriors (D:6)
  A necrophage (D:7)
  2 centaurs (D:6)
  3 phantoms
  2 scorpions (D:6)
  4 killer bees
  8 wights (D:8)
  A centaur zombie (D:6)
  2 orc priests (D:6)
  A bullfrog zombie (D:7)
  3 gnoll shamans
  3 jellies
  7 hounds
  A bullfrog skeleton (D:6)
  Natasha (twice) (D:3)
  4 iguanas
  4 orc wizards
  3 killer bee zombies
  A hound skeleton (D:4)
  Robin (D:2)
  13 gnolls
  8 adders
  A shadow imp (D:7)
  A white imp (D:6)
  2 ufetubi
  An adder skeleton (D:4)
  4 dart slugs
  15 orcs
  8 ball pythons
  3 endoplasms
  A giant cockroach (D:3)
  10 hobgoblins
  5 jackals
  9 kobolds
  3 quokkas
  4 bats
  A frilled lizard (D:1)
  13 goblins
  7 rats
183 creatures vanquished.

Vanquished Creatures (others)
  11 fulminant prisms
  7 fungi (D:4)
  50 plants (D:6)
68 creatures vanquished.

Grand Total: 251 creatures vanquished

Notes
Turn   | Place    | Note
-------+----------+-------------------------------------------
     0 | D:1      | sasquatch the Draconian Conjurer began the quest for the
                  | Orb.
     0 | D:1      | Reached XP level 1. HP: 14/14 MP: 3/3
   260 | D:1      | Reached XP level 2. HP: 20/20 MP: 1/5
   361 | D:1      | Learned a level 2 spell: Searing Ray
   833 | D:2      | Reached XP level 3. HP: 26/26 MP: 2/6
  1041 | D:2      | Reached skill level 5 in Conjurations
  1191 | D:2      | Reached XP level 4. HP: 23/33 MP: 1/8
  1370 | D:2      | Noticed Robin
  1375 | D:2      | Killed Robin
  1834 | D:2      | Reached XP level 5. HP: 38/38 MP: 4/9
  1848 | D:2      | Learned a level 4 spell: Fulminant Prism
  2014 | D:3      | Learned a level 3 spell: Dazzling Flash
  2090 | D:3      | Found a shimmering blue altar of Sif Muna.
  2463 | D:3      | Noticed Natasha
  2467 | D:3      | Killed Natasha
  2468 | D:3      | Reached skill level 6 in Conjurations
  2501 | D:3      | Found a faded altar of an unknown god.
  2670 | D:3      | Noticed Natasha
  2673 | D:3      | Killed Natasha
  3104 | D:4      | Reached XP level 6. HP: 45/45 MP: 7/11
  4031 | D:5      | Entered Level 5 of the Dungeon
  4069 | D:3      | Became a worshipper of Sif Muna the Loreminder
  4287 | D:5      | Reached skill level 7 in Conjurations
  4559 | D:5      | Your scales start taking on a golden yellow colour.
  4559 | D:5      | Reached XP level 7. HP: 50/50 MP: 6/13
  4559 | D:5      | Gained mutation: You are resistant to acid. (rCorr) [Yellow
                  | Draconian growth]
  5341 | D:5      | Reached skill level 8 in Conjurations
  5493 | D:5      | Reached skill level 5 in Spellcasting
  5593 | D:5      | Reached XP level 8. HP: 57/57 MP: 8/15
  5776 | D:6      | Reached * piety under Sif Muna
  5783 | D:6      | Reached skill level 9 in Conjurations
  5897 | D:6      | Learned a level 4 spell: Iskenderun's Mystic Blast
  5901 | D:6      | Learned a level 3 spell: Swiftness
  6227 | D:6      | Reached skill level 10 in Conjurations
  6403 | D:6      | Reached skill level 1 in Air Magic
  6911 | D:6      | Reached XP level 9. HP: 45/62 MP: 5/16
  6933 | D:6      | Reached skill level 11 in Conjurations
  7917 | D:6      | Noticed a troll
  7923 | D:6      | Killed a troll
  8292 | D:7      | Reached skill level 12 in Conjurations
  8388 | D:7      | Reached ** piety under Sif Muna
  8546 | D:7      | Reached skill level 5 in Air Magic
  9094 | D:7      | Found a staircase to the Ecumenical Temple.
  9249 | D:7      | Reached skill level 1 in Hexes
  9309 | D:7      | Found Dakkuf's General Store.
  9313 | D:7      | Bought a +1 cloak of willpower for 247 gold pieces
  9511 | D:8      | Noticed a death yak
  9511 | D:8      | Noticed a death yak
  9513 | D:8      | Noticed a death yak
  9575 | D:8      | Reached XP level 10. HP: 68/69 MP: 8/17
  9664 | D:8      | Noticed a death yak
  9665 | D:8      | Noticed a death yak
  9675 | D:8      | Noticed a death yak
  9676 | D:8      | Noticed a death yak
  9914 | D:8      | Found a staircase to the Lair.
 10128 | D:7      | Killed a death yak
 10129 | D:7      | Reached skill level 13 in Conjurations
 10301 | D:7      | Killed a death yak
 10539 | D:7      | Mangled by a death yak

Illustrated notes

Levels and vault maps discovered:
D:1:      roderic_crossed_star, layout_basic
D:2:      layout_basic, chequers_serial_rivers_micro_e, minmay_misc_feat_square,
          uniq_robin
D:3:      layout_basic, mainiacjoe_overflow_six_doors_small,
          hellmonk_ecumenical_altar_blasted, uniq_natasha
D:4:      layout_loops_ring, serial_aquarium, aquarium_bridge_long_separate
          [aquarium_subvault_window, aquarium_subvault_bridge,
          aquarium_subvault_wall, aquarium_subvault_bridge,
          aquarium_subvault_wall, aquarium_subvault_window],
          aquarium_window_fake, aquarium_window_corridor_1, aquarium_window_1,
          aquarium_window_double, aquarium_view_2b, aquarium_balcony_3b,
          aquarium_pool_five
D:5:      layout_loops_cross, nrook_pool_corridor
D:6:      kennysheep_housing_project, layout_basic
D:7:      layout_loops_ring, minmay_temple_entry_glass, serial_shops, shop,
          grunt_ministairs_4
D:8:      layout_basic, cheibriados_altar_1, minitemple, dpeg_lair_monsters

Skill      XL: |  1  2  3  4  5  6  7  8  9 10 |
---------------+-------------------------------+-----
Conjurations   | 5 6 7 8 10 12 13 | 13.4
Spellcasting   | 3 4 5 |  5.0
Air Magic      | 2 5 |  5.0
Hexes          | 1 3 |  3.5
Dodging        | |  1.7
Stealth        | |  1.7

Action                   |  1- 3 |  4- 6 |  7- 9 | 10-12 || total
-------------------------+-------+-------+-------+-------++-------
Melee: Staff             |     2 |       |     3 |       ||     5
 Cast: Magic Dart        |    43 |   108 |    96 |     9 ||   256
       Searing Ray       |     3 |    11 |    59 |    18 ||    91
       Fulminant Prism   |       |       |     3 |     8 ||    11
       Swiftness         |       |       |     1 |       ||     1
       Dazzling Flash    |       |       |     1 |       ||     1
       Iskenderun's Myst |       |       |       |     3 ||     3
Armor: Skin              |     2 |     2 |    12 |     4 ||    20
Dodge: Dodged            |     2 |    12 |    28 |     9 ||    51
